[ AOE2 MATCH · #475657956 ]
UnrankedGeorgians vs Slavs
[ REPLAY ANALYSIS · EXTRACTED FROM THE RECORDED GAME ]
Feudal
—
Castle
—
Imperial
—
| APM avg | 42.2 |
| APM peak | 68 |
| eAPM avg | 18.1 |
| Villagers / military | 28 / 0 |
Focus
⚔️ 24.0% · 🌾 76.0%
Feudal
—
Castle
—
Imperial
—
| APM avg | 23.6 |
| APM peak | 36 |
| eAPM avg | 10.0 |
| Villagers / military | 16 / 0 |
Focus
⚔️ 15.5% · 🌾 84.5%
Feudal
—
Castle
—
Imperial
—
| APM avg | 56.6 |
| APM peak | 73 |
| eAPM avg | 22.9 |
| Villagers / military | 35 / 0 |
Focus
⚔️ 19.7% · 🌾 80.3%
Feudal
—
Castle
—
Imperial
—
| APM avg | 33.7 |
| APM peak | 51 |
| eAPM avg | 17.2 |
| Villagers / military | 14 / 0 |
Focus
⚔️ 19.6% · 🌾 80.4%
Feudal
—
Castle
—
Imperial
—
| APM avg | 53.7 |
| APM peak | 97 |
| eAPM avg | 25.6 |
| Villagers / military | 15 / 0 |
Focus
⚔️ 29.3% · 🌾 70.7%
Feudal
—
Castle
—
Imperial
—
| APM avg | 26.8 |
| APM peak | 62 |
| eAPM avg | 9.0 |
| Villagers / military | 17 / 0 |
Focus
⚔️ 41.4% · 🌾 58.6%
Feudal
—
Castle
—
Imperial
—
| APM avg | 52.4 |
| APM peak | 75 |
| eAPM avg | 19.8 |
| Villagers / military | 17 / 0 |
Focus
⚔️ 28.1% · 🌾 71.9%
Feudal
—
Castle
—
Imperial
—
| APM avg | 63.4 |
| APM peak | 99 |
| eAPM avg | 27.0 |
| Villagers / military | 19 / 0 |
Focus
⚔️ 26.8% · 🌾 73.2%
Match map
Initial resources + every placement click. Lines = walls · curves = elevation contours. ◆ gold · ⬟ stone · ● berries · ✦ relic · ◌ wall gap
Inputs per minute
— HR petro - - Padreweak
Build order — HR petro
29 actions detected in the replay
| 0:02 | Create | Villager (Male) ×4 |
| 0:02 | Create | Villager (Male) ×4 |
| 0:03 | Build | House |
| 0:05 | Build | House |
| 1:25 | Create | Villager (Male) |
| 2:03 | Create | Villager (Male) |
| 2:25 | Create | Villager (Male) |
| 2:26 | Create | Villager (Male) |
| 2:26 | Create | Villager (Male) |
| 2:44 | Create | Villager (Male) |
| 2:44 | Create | Villager (Male) |
| 3:19 | Create | Villager (Male) |
| 3:19 | Create | Villager (Male) |
| 3:42 | Create | Villager (Male) |
| 3:42 | Create | Villager (Male) |
| 3:45 | Build | House |
| 3:56 | Create | Villager (Male) |
| 3:57 | Create | Villager (Male) |
| 4:32 | Create | Villager (Male) |
| 5:04 | Create | Villager (Male) |
| 5:20 | Create | Villager (Male) |
| 5:33 | Create | Villager (Male) |
| 5:56 | Create | Villager (Male) |
| 6:03 | Research | Loom |
| 6:10 | Build | Dock |
| 6:14 | Build | House |
| 6:22 | Create | Villager (Male) |
| 6:22 | Create | Villager (Male) |
| 6:31 | Build | Mill |
Build order — Padreweak
21 actions detected in the replay
| 0:01 | Create | Villager (Male) |
| 0:02 | Build | House |
| 0:03 | Build | House |
| 0:08 | Create | Villager (Male) |
| 0:08 | Create | Villager (Male) |
| 0:08 | Create | Villager (Male) |
| 1:35 | Create | Villager (Male) |
| 2:06 | Create | Villager (Male) |
| 2:07 | Create | Villager (Male) |
| 2:13 | Build | Lumber Camp |
| 2:34 | Create | Villager (Male) |
| 2:51 | Create | Villager (Male) |
| 2:51 | Create | Villager (Male) |
| 3:20 | Create | Villager (Male) |
| 3:33 | Build | House |
| 3:41 | Create | Villager (Male) |
| 3:41 | Create | Villager (Male) |
| 4:03 | Build | House |
| 4:47 | Create | Villager (Male) |
| 4:47 | Create | Villager (Male) |
| 4:47 | Create | Villager (Male) |
Build order — MARIJUANA_LUNG
41 actions detected in the replay
| 0:01 | Create | Villager (Male) |
| 0:01 | Create | Villager (Male) |
| 0:02 | Create | Villager (Male) |
| 0:03 | Build | House |
| 0:05 | Build | House |
| 0:09 | Create | Villager (Male) |
| 0:09 | Create | Villager (Male) |
| 1:29 | Create | Villager (Male) |
| 1:30 | Create | Villager (Male) |
| 1:51 | Create | Villager (Male) |
| 1:51 | Create | Villager (Male) |
| 2:25 | Create | Villager (Male) |
| 2:25 | Create | Villager (Male) |
| 2:31 | Create | Villager (Male) |
| 2:31 | Create | Villager (Male) |
| 2:44 | Build | Lumber Camp |
| 3:11 | Create | Villager (Male) |
| 3:11 | Create | Villager (Male) |
| 3:14 | Create | Villager (Male) |
| 3:14 | Create | Villager (Male) |
| 3:33 | Create | Villager (Male) |
| 3:33 | Create | Villager (Male) |
| 3:33 | Create | Villager (Male) |
| 4:06 | Create | Villager (Male) |
| 4:06 | Create | Villager (Male) |
| 4:06 | Create | Villager (Male) |
| 4:18 | Build | House |
| 4:42 | Create | Villager (Male) |
| 4:42 | Create | Villager (Male) |
| 5:03 | Create | Villager (Male) |
| 5:06 | Create | Villager (Male) |
| 5:06 | Create | Villager (Male) |
| 5:06 | Create | Villager (Male) |
| 5:06 | Create | Villager (Male) |
| 5:27 | Create | Villager (Male) |
| 5:28 | Create | Villager (Male) |
| 5:28 | Create | Villager (Male) |
| 5:28 | Create | Villager (Male) |
| 5:46 | Build | Dock |
| 6:12 | Build | House |
| 6:43 | Create | Villager (Male) |
Build order — [RGV]saltychobos
23 actions detected in the replay
| 0:01 | Create | Villager (Male) |
| 0:03 | Build | House |
| 0:05 | Build | House |
| 0:08 | Create | Villager (Male) |
| 0:33 | Research | Loom |
| 0:34 | Create | Villager (Male) |
| 0:34 | Create | Villager (Male) |
| 0:35 | Create | Villager (Male) |
| 1:10 | Build | Palisade Wall |
| 1:24 | Create | Villager (Male) |
| 2:01 | Build | Settlement |
| 2:08 | Create | Villager (Male) |
| 2:48 | Create | Villager (Male) |
| 3:07 | Build | Palisade Wall |
| 3:22 | Build | Palisade Wall |
| 3:23 | Create | Villager (Male) |
| 3:47 | Build | Palisade Wall |
| 3:48 | Create | Villager (Male) |
| 4:43 | Build | Palisade Wall |
| 4:58 | Create | Villager (Male) |
| 4:59 | Create | Villager (Male) |
| 5:14 | Create | Villager (Male) |
| 5:14 | Create | Villager (Male) |
Build order — SmithAoE
25 actions detected in the replay
| 0:00 | Create | Villager (Male) |
| 0:01 | Create | Villager (Male) |
| 0:01 | Create | Villager (Male) |
| 0:02 | Build | House |
| 0:03 | Build | House |
| 0:09 | Create | Villager (Male) |
| 0:13 | Create | Villager (Male) |
| 0:14 | Create | Villager (Male) |
| 0:18 | Research | Loom |
| 0:22 | Create | Villager (Male) |
| 0:27 | Create | Villager (Male) |
| 0:29 | Create | Villager (Male) |
| 0:58 | Build | Palisade Wall |
| 1:54 | Build | Palisade Wall |
| 1:57 | Create | Villager (Male) |
| 2:31 | Create | Villager (Male) |
| 2:34 | Build | Lumber Camp |
| 3:04 | Create | Villager (Male) |
| 4:05 | Create | Villager (Male) |
| 4:57 | Create | Villager (Male) |
| 5:41 | Build | Palisade Wall |
| 6:03 | Build | House |
| 6:08 | Build | Palisade Wall |
| 6:11 | Build | Palisade Wall |
| 6:19 | Create | Villager (Male) |
Build order — I'm_Jimi
22 actions detected in the replay
| 0:01 | Create | Villager (Male) |
| 0:01 | Create | Villager (Male) |
| 0:02 | Create | Villager (Male) |
| 0:02 | Create | Villager (Male) |
| 0:02 | Create | Villager (Male) |
| 0:03 | Build | House |
| 0:04 | Build | House |
| 0:41 | Research | Loom |
| 0:44 | Create | Villager (Male) |
| 0:44 | Create | Villager (Male) |
| 0:45 | Create | Villager (Male) |
| 0:45 | Create | Villager (Male) |
| 1:19 | Create | Villager (Male) |
| 1:19 | Create | Villager (Male) |
| 1:52 | Build | House |
| 2:08 | Create | Villager (Male) |
| 2:08 | Create | Villager (Male) |
| 2:41 | Create | Villager (Male) |
| 2:41 | Create | Villager (Male) |
| 2:44 | Build | Lumber Camp |
| 3:01 | Create | Villager (Male) |
| 3:01 | Create | Villager (Male) |
Build order — Richard Rahl
28 actions detected in the replay
| 0:00 | Create | Villager (Male) |
| 0:01 | Create | Villager (Male) |
| 0:02 | Build | House |
| 0:03 | Build | House |
| 0:20 | Create | Villager (Male) |
| 0:23 | Create | Villager (Male) |
| 0:23 | Create | Villager (Male) |
| 0:47 | Research | Loom |
| 0:47 | Create | Villager (Male) |
| 0:50 | Create | Villager (Male) |
| 0:50 | Create | Villager (Male) |
| 1:50 | Create | Villager (Male) |
| 2:31 | Create | Villager (Male) |
| 3:07 | Create | Villager (Male) |
| 3:15 | Build | Palisade Wall |
| 3:16 | Build | Palisade Wall |
| 3:23 | Create | Villager (Male) |
| 3:57 | Create | Villager (Male) |
| 4:21 | Create | Villager (Male) |
| 4:57 | Create | Villager (Male) |
| 5:00 | Build | House |
| 5:15 | Build | Palisade Wall |
| 5:22 | Build | Palisade Wall |
| 5:24 | Build | Palisade Wall |
| 5:29 | Create | Villager (Male) |
| 5:29 | Create | Villager (Male) |
| 6:12 | Build | Lumber Camp |
| 6:30 | Build | Palisade Wall |
Build order — mob_ankit
26 actions detected in the replay
| 0:09 | Research | Loom |
| 0:38 | Create | Villager (Male) |
| 1:06 | Create | Villager (Male) |
| 1:35 | Create | Villager (Male) |
| 2:03 | Create | Villager (Male) |
| 2:05 | Build | Lumber Camp |
| 2:23 | Create | Villager (Male) |
| 2:23 | Create | Villager (Male) |
| 2:49 | Create | Villager (Male) |
| 3:33 | Create | Villager (Male) |
| 3:51 | Create | Villager (Male) |
| 3:55 | Build | House |
| 4:11 | Create | Villager (Male) |
| 4:49 | Create | Villager (Male) |
| 4:50 | Create | Villager (Male) |
| 5:03 | Create | Villager (Male) |
| 5:20 | Create | Villager (Male) |
| 5:20 | Create | Villager (Male) |
| 5:25 | Build | Palisade Wall |
| 5:37 | Build | Mill |
| 5:38 | Create | Villager (Male) |
| 6:05 | Create | Villager (Male) |
| 6:05 | Create | Villager (Male) |
| 6:15 | Build | House |
| 6:21 | Build | Palisade Wall |
| 6:36 | Create | Villager (Male) |
Match timeline
| 0:58 | SmithAoE · wall_segment Palisade Wall x10 |
| 1:10 | [RGV]saltychobos · wall_segment Palisade Wall x6 |
| 1:54 | SmithAoE · wall_segment Palisade Wall x1 |
| 3:07 | [RGV]saltychobos · wall_segment Palisade Wall x10 |
| 3:15 | Richard Rahl · wall_segment Palisade Wall x10 |
| 3:16 | Richard Rahl · wall_segment Palisade Wall x2 |
| 3:19 | I'm_Jimi · resign |
| 3:22 | [RGV]saltychobos · wall_segment Palisade Wall x9 |
| 3:47 | [RGV]saltychobos · wall_segment Palisade Wall x7 |
| 4:43 | [RGV]saltychobos · wall_segment Palisade Wall x1 |
| 5:15 | Richard Rahl · wall_segment Palisade Wall x3 |
| 5:22 | Richard Rahl · wall_segment Palisade Wall x5 |
| 5:24 | Richard Rahl · wall_segment Palisade Wall x5 |
| 5:25 | mob_ankit · wall_segment Palisade Wall x12 |
| 5:41 | SmithAoE · wall_segment Palisade Wall x1 |
| 5:46 | MARIJUANA_LUNG · first_building Dock |
| 6:08 | SmithAoE · wall_segment Palisade Wall x1 |
| 6:10 | HR petro · first_building Dock |
| 6:11 | SmithAoE · wall_segment Palisade Wall x1 |
| 6:21 | mob_ankit · wall_segment Palisade Wall x8 |
| 6:30 | Richard Rahl · wall_segment Palisade Wall x10 |
[ AI ANALYSIS · 1 CREDIT ]
What really happened in this match?
Wolo.gg analyzes every decision: build order, eco, micro, common mistakes by bracket. Personalized analysis on WhatsApp or Discord in 30 seconds.
Civ guide
Georgians
Perfil
Jugador #2549122